Unix NetHack Version 5.0.0-0 post-release - last build May  4 2026 22:22:43 (774f63e81ad911689b3a0859ea89b322d5daca8d,branch:main).

Game began 2026-05-06 18:33:22, ended 2026-05-06 20:02:08.

Brudee, chaotic female gnomish Healer

  -----                   ------                     -------  ---------------
  |...|  ----       ------|.(((|     .----       -----.....----.....(..|..|(|
  |...| --..------- |...|.+$(((|   -.....---    --..|...--......|...{..+..-+|
  |+-----.........| |...|.|.(((|  .........-----|...|....|--------.....|.*..|
  |..............-- |-+--.------..-.........--..|........|------ ..--|-------
  -----.....{....----............(......G.......|-.......-|.(((| |.|...|
   |..+...............-.---.....(..............--.........-.(((| |.|...|=
   |..|-.........-----|..|...........-....|..............-|((.(| |.--.----
   ------.---...-|...-|..|..........---......-..|.........------ ...[)..+|
      ---+--------....---.........-......-|..----........|  ---------------
      |..$.|  |........|.................-..|..|-........|  |..?.!)%%]|...|
      |%%%%|#.......*..............--..###..|..|....{.....--|.[..%.)%.|..--
      ------#......?....[......--...#* .--|.-[.|............--------|--..--
       ##-......|....|......--. |.. ## |..|.|---.........[................|
      --...|..).|..---......*#  |.|##* |..|.|   #...+........--....."..--+|
    ............|--- #....( ##---|---  |..+.|###.........-....|--+-..--|..|
   -...-.....----    *....####|.....|  ------  -.........  ...|...|-i|.+..|
  --....(....-------......##**|.._$.|          |>...(.# *#*.....-+--.----+|
  |.......-|..............####|.....|          ----...# #*`#......oq......|
  |<.....  ------.......-. `*#-------              *## ` #**----.----------
  -----         ---------
Brudee the Embalmer          St:9 Dx:11 Co:16 In:10 Wi:16 Ch:18  Chaotic S:5333
Dlvl:7  $:3586 HP:0(54) Pw:26(67) AC:-1 Xp:7/643 T:5499 

Latest messages:
 In what direction? b
 Status of the rothe (neutral, large):  Level 3  HP 12(15)  AC 7.
 You hit the rothe.
 The imp misses!
 The dog misses it.
 The rothe misses!
 The rothe just misses!
 The rothe misses!
 The dog bites the Mordor orc.
 The Mordor orc misses the dog.
 You miss the rothe.
 The imp misses!
 The dog bites the Mordor orc.
 The Mordor orc hits the dog.
 The rothe hits!
 The rothe bites!
 The rothe bites again!
 You miss the rothe.
 The imp hits!
 The dog misses the imp.
 You miss the rothe.
 The imp hits!
 The dog bites the rothe.
 The rothe misses the dog.
 The rothe misses the dog.
 The rothe bites the dog.
 The dog bites it.
 You miss the imp.
 The imp hits!
 Your dog eats a hobgoblin corpse.
 The rothe misses!
 The rothe misses!
 The rothe bites!
 You miss the imp.
 The imp misses!
 "This time I shall let thee off with a spanking, but let it not happen again."
 The rothe hits!
 The rothe bites!
 The rothe bites again!
 Are you sure you want to pray? [yn] (n) y
 You begin praying to Poseidon.
 The imp hits!
 The imp misses!
 The rothe misses!
 The rothe bites!
 The rothe misses!
 The imp hits!
 You die...
 Do you want your possessions identified? [ynq] (y) y
 Do you want to see your attributes? [ynq] (y) q

Inventory:
 Coins    ('$')
  $ - 3586 gold pieces
 Amulets  ('"')
  z - an uncursed amulet of guarding (being worn)
 Weapons  (')')
  x - 6 +0 darts (at the ready)
  T - 2 +0 daggers
  G - a thoroughly rusty +0 knife (weapon in right hand)
 Armor    ('[')
  M - a cursed -1 helm of opposite alignment (being worn)
  b - an uncursed +1 pair of leather gloves (being worn)
  L - an uncursed +0 pair of jumping boots (being worn)
  j - a cursed -1 cloak of displacement (being worn)
  o - an uncursed +0 dwarvish mithril-coat (being worn)
 Comestibles  ('%')
  k - 3 uncursed apples
  H - an uncursed eucalyptus leaf
  W - an uncursed melon
  h - 5 uncursed oranges
  s - 5 uncursed pears
  l - an uncursed sprig of wolfsbane
 Potions  ('!')
  m - 3 uncursed potions of water
  K - an uncursed potion of water
 Wands    ('/')
  N - a wand of striking (0:2)
 Tools    ('(')
  i - an uncursed bag of holding containing 6 items
  V - an uncursed blindfold
  O - an uncursed skeleton key
  c - an uncursed stethoscope
 Gems/Stones  ('*')
  a - 2 uncursed worthless pieces of green glass
  E - an uncursed worthless piece of yellow glass

Contents of the bag of holding:
  10 cursed +0 orcish arrows
  2 uncursed eucalyptus leaves
  an uncursed tin of giant ant meat
  a blessed spellbook of extra healing
  a blessed spellbook of healing
  an uncursed worthless piece of black glass

Brudee the Healer's attributes:

Background:
 You were an Embalmer, a level 7 female gnomish Healer.
 You were chaotic, temporarily on a mission for Poseidon
 who was opposed by Athena (lawful) and Hermes (neutral).
 You were actually neutral.
 You were right-handed.
 You were in the Gnomish Mines, on level 7.
 You entered the dungeon 5499 turns ago.
 You had 643 experience points, 637 more were needed to attain level 8.
 Your score was 5333 before end-of-game adjustments.

Basics:
 You had 0 out of 54 hit points.
 You had 26 out of 67 energy points (spell power).
 Your armor class was -1.
 Your wallet contained 3586 zorkmids.
 Autopickup was off.

Final Characteristics:
 Your strength was 9 (limit:18/50).
 Your dexterity was 11 (limit:18).
 Your constitution was 16 (limit:18).
 Your intelligence was 10 (limit:19).
 Your wisdom was 16 (limit:18).
 Your charisma was 18 (limit:18).

Final Status:
 You weren't hungry.
 You were unencumbered.
 You were wielding a knife.
 You had basic skill with knife.

Final Attributes:
 You had transgressed.
 You were poison resistant.
 You were telepathic.
 You had infravision.
 You were invisible.
 You were displaced.
 You could jump.
 You had a small defense bonus (+2).
 You were protected.
 Your spell casting was impaired by metallic armor.
 You are dead.

Miscellaneous:
 You encountered 1 bones level.
 Total elapsed playing time was 1 hour, 28 minutes and 44 seconds.

Major events:
 Turn
    1: Brudee the neutral female gnomish Healer entered the dungeon
  157: read a Discworld novel
  405: attained the rank of Empiric (level 3)
 3642: attained the rank of Embalmer (level 6)
 4182: entered the Gnomish Mines
 4691: reached Mine Town
 5477: killed Aklavik, the general store proprietrix
 5499: killed by an imp, while praying

Spells:
 Name                 Level Category     Fail Retention
 healing                1   healing       71%    (gone)
 extra healing          3   healing       77%   71%-80%
 stone to flesh         3   healing       99%   71%-80%
 cure sickness          3   healing       48%  91%-100%

Skills:
 Fighting Skills
   bare handed combat [Unskilled]
 Weapon Skills
   dagger             [Unskilled]
   knife              [Basic]
   short sword        [Unskilled]
   saber              [Unskilled]
   club               [Unskilled]
   mace               [Unskilled]
   quarterstaff       [Unskilled]
   polearms           [Unskilled]
   spear              [Unskilled]
   trident            [Unskilled]
   sling              [Unskilled]
   dart               [Unskilled]
   shuriken           [Unskilled]
   unicorn horn       [Unskilled]
 Spellcasting Skills
   healing spells     [Basic]

Voluntary challenges:
 Character rerolling was not enabled.
 You never genocided any monsters.
 You never polymorphed an object.
 You never changed form.
 You used no wishes.
Achievements:
 You entered a shop.
 You read from a Discworld novel.
 You attained the rank of Empiric.
 You attained the rank of Embalmer.
 You entered the Gnomish Mines.
 You entered Minetown.

 The Dungeons of Doom: levels 1 to 6
    Level 1:
    Level 2:
       A scroll shop, a fountain.
    Level 3:
       Stairs down to The Gnomish Mines.
    Level 4:
       A general store, many fountains, many trees.
    Level 5:
       A food shop.
    Level 6:
       A potion shop, a grave.
 The Gnomish Mines: levels 4 to 7
    Level 4:
    Level 5:
    Level 7: <- You were here.
       Many shops, a temple and an altar to Poseidon, many fountains, a grave.
       Final resting place for
          you, killed by an imp, while praying,
          spody-Wiz-Gno-Mal-Neu, killed by a gold golem.


Vanquished creatures:
  a shopkeeper
  2 small mimics
  a djinni
 an imp
  5 wood nymphs
  a mountain nymph
  2 Mordor orcs
  2 Uruk-hai
  a rock piercer
  a rock mole
  a yellow light
  2 shriekers
  a violet fungus
  2 gnome leaders
  a kobold mummy
  4 gray oozes
  a giant ant
  3 floating eyes
  2 dwarves
  2 homunculi
  a hill orc
  3 rothes
  2 rabid rats
  3 giant bats
  3 orc zombies
  a wererat
  a werejackal
  4 iguanas
 an acid blob
  a coyote
  2 hobbits
  a manes
  3 large kobolds
  a hobgoblin
  a giant rat
  2 cave spiders
  6 gnomes
  a gnome zombie
  9 geckos
  7 jackals
  a fox
  2 sewer rats
  2 grid bugs
  4 lichens
  a kobold zombie
  2 newts
101 creatures vanquished.

No species were genocided or became extinct.

Game over:
                       ----------
                      /          \
                     /    REST    \
                    /      IN      \
                   /     PEACE      \
                  /                  \
                  |      Brudee      |
                  |     3586 Au      |
                  | killed by an imp |
                  |                  |
                  |                  |
                  |                  |
                  |       2026       |
                 *|     *  *  *      | *
        _________)/\\_//(\/(/\)/\//\/|_)_______

Goodbye Brudee the Healer...

You died in The Gnomish Mines on dungeon level 7 with 5098 points,
and 3586 pieces of gold, after 5499 moves.
You were level 7 with a maximum of 54 hit points when you died.

